 Dungeon Crawl Stone Soup version 0.18-a0-1637-g109f206 (webtiles) character file.

8997 Ratboiler the Slicer (level 11, -11/57 HPs)
             Began as a Spriggan Wanderer on Mar 26, 2016.
             Was an Initiate of Gozag.
             Hit by a large rock thrown by a cyclops (25 damage)
             ... on level 11 of the Dungeon.
             The game lasted 00:51:23 (16224 turns).

Ratboiler the Slicer (Spriggan Wanderer)           Turns: 16224, Time: 00:51:24

Health: -11/57     AC:  7    Str:  7    XL:     11   Next: 17%
Magic:  12/12      EV: 28    Int: 16    God:    Gozag
Gold:   512        SH:  8    Dex: 18    Spells: 1 memorised, 8 levels left

rFire  . . .     SeeInvis +     a - +1 dagger (elec)
rCold  . . .     Gourm    .     e - +0 robe
rNeg   + . .     Faith    .     K - +0 buckler
rPois  +         Spirit   .     (helmet restricted)
rElec  .         Dismiss  .     x - +2 cloak of Restlessness {rPois rN+ MR+}
rCorr  .         Reflect  .     (gloves unavailable)
SustAt .         Harm     .     (boots unavailable)
MR     ++...                    (no amulet)
Stlth  +++++.....               r - +3 ring of evasion
                                C - +4 ring of evasion

@: about to teleport, very quick, very resistant to hostile enchantments, quite
stealthy
A: unfitting armour, beak, thin metallic scales 1, see invisible, herbivore 3,
speed 3, robust 1, slow metabolism 2
a: Potion Petition, Call Merchant, Bribe Branch, Renounce Religion


You were on level 11 of the Dungeon.
You worshipped Gozag.
Gozag was noncommittal.
You were full.

You visited 2 branches of the dungeon, and saw 12 of its levels.

You collected 1779 gold pieces.
You spent 577 gold pieces at shops.
You paid 690 gold pieces to Gozag.

Inventory:

Hand Weapons
 a - a +1 dagger of electrocution (weapon)
 b - the +4 falchion of Focus {slice, rN+}
   (You bought it in a shop on level 6 of the Dungeon)

   It inflicts extra damage upon your enemies.
   It protects you from negative energy.
 m - a +0 hunting sling
Missiles
 l - 14 silver sling bullets
 o - a throwing net (quivered)
 p - 16 exploding sling bullets
 q - 29 poisoned needles
 M - 6 needles of paralysis
Armour
 e - a +0 robe (worn)
 x - the +2 cloak of Restlessness (worn) {rPois rN+ MR+}
   (You bought it in a shop on level 11 of the Dungeon)

   It protects you from poison.
   It protects you from negative energy.
   It affects your resistance to hostile enchantments.
 K - a +0 buckler (worn)
Jewellery
 j - an uncursed ring of magical power
 r - a +3 ring of evasion (right hand)
 w - the ring "Jifrat" {Fire SInv}
   (You found it on level 4 of the Dungeon)

   [ring of fire]

   It enhances your fire magic, and weakens your ice magic.
   It protects you from fire.
   It makes you vulnerable to cold.
   It lets you see invisible.
 C - a +4 ring of evasion (left hand)
 E - an uncursed ring of protection from cold
 P - a +3 ring of strength {unknown}
Wands
 I - a wand of random effects (24/48)
 J - a wand of iceblast (6/15)
 L - a wand of enslavement (0/24)
 N - a wand of hasting (6/9)
 S - a wand of random effects (19/48)
Scrolls
 c - 5 scrolls of teleportation
 d - 2 scrolls of magic mapping {unknown}
 g - a scroll of amnesia {unknown}
 t - 7 scrolls of remove curse
 u - 2 scrolls of fog {unknown}
 y - 4 scrolls of noise {unknown}
 A - a scroll of enchant weapon {unknown}
 H - 2 scrolls of fear
 O - 2 scrolls of enchant armour {unknown}
 T - a scroll of random uselessness {unknown}
 U - a scroll of immolation {unknown}
Potions
 h - 8 potions of curing
 i - a potion of haste
 n - 2 potions of cancellation
 s - a potion of flight
 v - a potion of cure mutation
 z - 2 potions of lignification
 B - a potion of brilliance
 F - a potion of berserk rage {unknown}
 Q - a potion of resistance
 R - a potion of invisibility {unknown}
Books
 k - a Young Poisoner's Handbook

   Spells                             Type                      Level
   a - Sting                          Conjuration/Poison           1
   b - Cure Poison                    Poison                       2
   c - Mephitic Cloud                 Conjuration/Poison/Air       3
   d - Olgreb's Toxic Radiance        Poison                       4
   e - Venom Bolt                     Conjuration/Poison           5
 D - a book of Annihilations

   Spells                             Type                      Level
   a - Poison Arrow                   Conjuration/Poison           6
   b - Chain Lightning                Conjuration/Air              8
   c - Lehudib's Crystal Spear        Conjuration/Earth            8
   d - Glaciate                       Conjuration/Ice              9
   e - Fire Storm                     Conjuration/Fire             9
 G - a book of Envenomations

   Spells                             Type                      Level
   a - Spider Form                    Transmutation/Poison         3
   b - Olgreb's Toxic Radiance        Poison                       4
   c - Alistair's Intoxication        Transmutation/Poison         5
   d - Poisonous Cloud                Conjuration/Poison/Air       6
Comestibles
 f - 6 bread rations


   Skills:
 + Level 3.0 Fighting
 - Level 13.5 Short Blades
   Level 1.0 Polearms
 - Level 1.0 Throwing
 + Level 5.7 Dodging
 - Level 8.5 Stealth
 - Level 7.6 Shields


You had 8 spell levels left.
You knew the following spells:

 Your Spells              Type           Power        Failure   Level  Hunger
a - Cure Poison           Pois           #.........   38%         2    ###....


Dungeon Overview and Level Annotations

Branches:
Dungeon (11/15)            Temple (1/1) D:5            Lair (0/8) D:11
    Orc (0/2) D:11

Altars:
Ashenzari
Cheibriados
Dithmenos
Elyvilon
Fedhas
Gozag
Kikubaaqudgha
Makhleb
Nemelex Xobeh
Okawaru
Pakellas
Qazlal
Ru
Sif Muna
Trog
Vehumet
Xom
Yredelemnul
Zin
The Shining One

Shops:
D:6 (   D:11 [

Annotations:
D:5 exclusion: door, Grinder
D:11 2 runed doors


Innate Abilities, Weirdness & Mutations

You are tiny and cannot use many weapons and most armour.
You have supernaturally acute eyesight.
You are a herbivore.
You cover ground extremely quickly.
You need consume almost no food.
You have a beak for a mouth.
You are partially covered in thin metallic scales (AC +2).
You are robust (+10% HP).


Message History

No target in view!
You now have 492 gold pieces (gained 18).
You now have 495 gold pieces (gained 3).
U - a scroll labeled ZEONACHO WAMUE You now have 512 gold pieces (gained 17).
A kobold demonologist comes into view. It is wielding a dagger.
The kobold demonologist shouts!
The kobold demonologist gestures wildly while chanting.
A cyclops comes into view.
The cyclops shouts!
The cyclops throws a large rock.
The large rock hits you!!!
Ouch! That really hurt!
* * * LOW HITPOINT WARNING * * *
You see here a large rock.
Read which item? (? for menu, Esc to quit)
As you read the scroll of teleportation, it crumbles to dust.
You feel strangely unstable.
The cyclops throws a large rock.
The large rock hits you!!
You die...
Your body crumbles into a pile of gold.

.....≈≈≈ .....# ..
.....≈≈≈ .....# ..
.####≈≈ #....# .. .#
#....# + .# #....# . .#
#....###.. .# #.........
.###############.(.....C.
................@........
....##########.####....##
....# #.# ....# ##### #.#
...# ### ...# ..# ..#


You could see a cyclops.

Vanquished Creatures
  Erolcha (D:8)
  Pikel (D:8)
  Psyche (D:8)
  A troll (D:10)
  Prince Ribbit (D:6)
  Eustachio (D:5)
  A steam dragon (D:9)
  3 hippogriffs
  5 hungry ghosts
  Menkaure (D:6)
  Duvessa (D:6)
  A water moccasin (D:6)
  2 slaves (D:8)
  4 sky beasts
  2 ice beasts
  4 phantoms
  A black bear (D:6)
  4 orc warriors
  2 wolves (D:9)
  5 ogres
  3 centaurs
  2 crocodiles
  2 giant frogs (D:6)
  A gnoll sergeant (D:7)
  Dowan (D:6)
  A scorpion (D:8)
  16 killer bees
  14 wights
  A howler monkey (D:7)
  3 crimson imps
  A giant frog zombie (D:11)
  A quasit (D:8)
  5 hounds
  A centaur skeleton (D:5)
  An orc priest (D:11)
  13 orc wizards
  4 iguanas
  8 worker ants
  A hound skeleton (D:7)
  A worker ant zombie (D:7)
  6 gnolls
  A river rat (D:11)
  11 adders
  A howler monkey skeleton (D:10)
  A shadow imp (D:11)
  2 oozes
  An adder skeleton (D:9)
  An adder zombie (D:8)
  A worm (D:6)
  2 dart slugs
  4 giant geckos
  24 orcs
  13 bats
  4 giant cockroaches
  10 goblins
  2 hobgoblins
  8 jackals
  7 kobolds
  2 quokkas
  4 giant newts
  A quokka zombie (D:5)
  13 rats
241 creatures vanquished.

Vanquished Creatures (collateral kills)
  Grum (D:10)
  2 wolves (D:10)
3 creatures vanquished.

Vanquished Creatures (others)
  A slave (D:8)
  A sky beast (D:8)
2 creatures vanquished.

Grand Total: 246 creatures vanquished

Notes
Turn   | Place    | Note
--------------------------------------------------------------
     0 | D:1      | Ratboiler the Spriggan Wanderer began the quest for the Orb.
     0 | D:1      | Ratboiler set off with: a +2 dagger, a scroll of fear, a scroll of teleportation, a +0 spear, a +0 robe, a bread ration
     0 | D:1      | Reached XP level 1. HP: 11/11 MP: 2/2
    61 | D:1      | Reached skill level 1 in Short Blades
   189 | D:1      | Reached XP level 2. HP: 13/16 MP: 3/3
   743 | D:1      | Reached skill level 2 in Short Blades
   817 | D:1      | Reached XP level 3. HP: 17/19 MP: 4/4
  2122 | D:3      | Reached XP level 4. HP: 21/23 MP: 5/5
  2142 | D:3      | Reached skill level 3 in Short Blades
  2818 | D:4      | Got a steaming lapis lazuli ring
  2838 | D:4      | Found a sparkling altar of Nemelex Xobeh.
  2900 | D:4      | Reached skill level 5 in Stealth
  3528 | D:4      | Found a bloodstained altar of Trog.
  3531 | D:4      | Found a blossoming altar of Fedhas.
  3560 | D:4      | Reached XP level 5. HP: 23/27 MP: 6/6
  3792 | D:4      | Identified the ring "Jifrat" {Fire SInv} (You found it on level 4 of the Dungeon)
  3819 | D:5      | Entered Level 5 of the Dungeon
  3842 | D:5      | Found a staircase to the Ecumenical Temple.
  3848 | Temple   | Entered the Ecumenical Temple
  3939 | Temple   | Became a worshipper of Gozag Ym Sagoz the Greedy
  4201 | D:5      | Reached skill level 4 in Short Blades
  4605 | D:5      | Noticed a centaur
  4876 | D:5      | Reached XP level 6. HP: 28/32 MP: 7/7
  5062 | D:6      | Noticed Duvessa
  5062 | D:6      | Noticed Dowan
  5087 | D:6      | Noticed an orc warrior
  5096 | D:6      | Noticed a hungry ghost
  5126 | D:7      | Reached skill level 5 in Short Blades
  5316 | D:6      | Noticed Eustachio
  5423 | D:6      | Reached XP level 7. HP: 22/35 MP: 8/8
  5488 | D:6      | Reached skill level 6 in Short Blades
  6107 | D:5      | Killed Eustachio
  6224 | D:6      | Noticed Menkaure
  6260 | D:6      | Noticed Grinder
  6362 | D:6      | Noticed Prince Ribbit
  6591 | D:6      | Reached skill level 7 in Short Blades
  7063 | D:6      | Found Raexzowe's Antique Weapon Boutique.
  7080 | D:6      | Bought a smoking falchion for 264 gold pieces
  7104 | D:6      | Identified the +4 falchion of Focus {slice, rN+} (You bought it in a shop on level 6 of the Dungeon)
  7217 | D:6      | Paralysed by Grinder for 7 turns
  7464 | D:6      | Reached skill level 8 in Short Blades
  7464 | D:6      | Reached XP level 8. HP: 39/39 MP: 9/9
  8101 | D:7      | Reached skill level 9 in Short Blades
  8422 | D:8      | Reached skill level 1 in Shields
  8879 | D:8      | Noticed Erolcha
  8925 | D:8      | Noticed Pikel
  9045 | D:9      | Reached skill level 10 in Short Blades
  9079 | D:9      | Reached XP level 9. HP: 43/43 MP: 10/10
  9388 | D:8      | Noticed Psyche
 10220 | D:8      | Killed Erolcha
 10220 | D:8      | Reached skill level 11 in Short Blades
 10220 | D:8      | Reached skill level 5 in Shields
 10625 | D:9      | Learned a level 2 spell: Cure Poison
 10885 | D:9      | Reached XP level 10. HP: 47/47 MP: 11/11
 11009 | D:9      | Found a deep blue altar of Sif Muna.
 11339 | D:10     | Entered Level 10 of the Dungeon
 11613 | D:8      | Killed Pikel
 11613 | D:8      | Reached skill level 12 in Short Blades
 11829 | D:8      | Killed Psyche
 12082 | D:6      | Killed Duvessa
 12102 | D:6      | Killed Dowan
 12117 | D:6      | Killed Prince Ribbit
 12173 | D:6      | Killed Menkaure
 13299 | D:10     | Noticed Grum
 13321 | D:10     | Killed Grum
 13327 | D:10     | Reached skill level 13 in Short Blades
 15112 | D:9      | Reached XP level 11. HP: 51/51 MP: 12/12
 15240 | D:10     | Noticed a death knight
 15322 | D:10     | Noticed a hill giant
 15376 | D:10     | Gained mutation: You have a beak for a mouth. [potion of mutation]
 15376 | D:10     | Gained mutation: You are robust (+10% HP). [potion of mutation]
 15376 | D:10     | Gained mutation: You are partially covered in thin metallic scales (AC +2). [potion of mutation]
 15599 | D:11     | Bought a distressingly furry cloak for 313 gold pieces
 15609 | D:11     | Identified the +2 cloak of Restlessness {rPois rN+ MR+} (You bought it in a shop on level 11 of the Dungeon)
 15742 | D:11     | Found a staircase to the Lair.
 15956 | D:11     | Reached skill level 5 in Dodging
 15980 | D:11     | Found a staircase to the Orcish Mines.
 15986 | D:11     | Found a snail-covered altar of Cheibriados.
 16143 | D:11     | Found a runed door.
 16143 | D:11     | Found a runed door.
 16224 | D:11     | Hit by a large rock thrown by a cyclops

Vault maps used:
D:1:      lemuel_arrival_rhombus
D:4:      nicolae_overflow_hidden_temple, first_bread, hex_tiny,
          nemelex_dance_club_becter
D:5:      minmay_temple_entry_overgrown
D:6:      serial_shops, nicolae_shop_waterfront, uniq_prince_ribbit1,
          uniq_menkaure, uniq_grinder, uniq_eustachio, uniq_duvessa
D:7:      grunt_ogre_cave
D:8:      uniq_psyche, uniq_pikel, uniq_erolcha
D:9:      kennysheep_orc_sif_temple
D:10:     nicolae_trove_entry_path_of_doom, uniq_grum
D:11:     lemuel_troll_bridge, grunt_lair_entry_orc_guard_hut, basic_altar,
          nrook_mini_backslash, hangedman_abyss_or_decor_stagger,
          minmay_misc_feat_chi
Temple:   kilobyte_greek_temple_18

Skill      XL: |  1  2  3  4  5  6  7  8  9 10 11 |
---------------+----------------------------------+-----
Short Blades   | 1 2 3 4 5 8 10 11 13 | 13.5
Stealth        | 2 3 4 5 6 8 |  8.5
Shields        | 3 5 7 |  7.6
Dodging        | 5 |  5.7
Fighting       | 3 |  3.0
Polearms       | |  1.0
Throwing       | |  1.0

Action                   |  1- 3 |  4- 6 |  7- 9 | 10-12 || total
-------------------------+-------+-------+-------+-------++-------
Melee: Dagger            |   154 |   204 |   359 |   543 ||  1260
       Falchion          |       |       |     8 |    27 ||    35
Throw: Throwing net      |       |       |     1 |       ||     1
Invok: Call Merchant     |       |       |       |     1 ||     1
Evoke: Wand              |       |     1 |       |     6 ||     7
  Use: Scroll            |       |     3 |     1 |     8 ||    12
       Potion            |       |       |       |     2 ||     2
 Stab: Sleeping          |     8 |     7 |    12 |     5 ||    32
       Distracted        |       |     3 |     3 |    11 ||    17
  Eat: Fruit             |       |     2 |     1 |       ||     3
       Pizza             |       |       |     3 |       ||     3
       Bread ration      |       |       |       |     3 ||     3
